 Dungeon Crawl Stone Soup version 0.27-a0-1149-g4505690ab0 (webtiles) character file.

Game seed: 8733516753373771179

183744 cnkne the Scorcher (level 18, -4/110 HPs)
             Began as a Gargoyle Earth Elementalist on May 12, 2021.
             Was the Champion of Vehumet.
             Slain by a nagaraja
             ... wielding a +1 halberd of flaming
              (5 damage)
             ... on level 4 of the Snake Pit on May 13, 2021.
             The game lasted 01:32:14 (43751 turns).

cnkne the Scorcher (Gargoyle Earth Elementalist)   Turns: 43751, Time: 01:32:15

Health: -4/110     AC: 31    Str: 14    XL:     18   Next: 38%
Magic:  25/43      EV: 11    Int: 31    God:    Vehumet [******]
Gold:   3763       SH:  5    Dex: 10    Spells: 13/41 levels left

rFire    + . .     SeeInvis +   V - +8 whip "Snakebite" {curare, rPois}
rCold    + . .     Faith    .   (no shield)
rNeg     + . .     Spirit   .   l - +2 robe {rC+ rF+}
rPois    ∞         Reflect  +   P - +2 helmet {SInv}
rElec    +         Harm     .   Y - +2 cloak {Stlth+}
rCorr    .         Rampage  .   F - +2 pair of gloves
Will     +....                  u - +2 pair of boots
Stlth    +++.......             j - amulet of reflection
HPRegen  0.28/turn              Q - ring of magical power
MPRegen  0.28/turn              K - ring "Hofyink" {Str+3 Int+6 Slay+2 SInv}

@: flying, very slightly contaminated, constricted
A: sickness immunity, AC +13, big wings, negative energy resistance 1,
electricity resistance, torment resistance 1, petrification resistance, hooves
1, wild magic 1
a: Renounce Religion


You were on level 4 of the Snake Pit.
You worshipped Vehumet.
Vehumet was exalted by your worship.
You visited 5 branches of the dungeon, and saw 28 of its levels.
You also visited: Ossuary and Volcano.

You collected 6326 gold pieces.
You spent 2563 gold pieces at shops.

Inventory:

Hand Weapons
 V - the +8 whip "Snakebite" (weapon) {curare, rPois}
   (You found it on level 5 of the Lair of Beasts)

   It poisons the flesh of those it strikes.
   It protects you from poison.
Missiles
 b - 494 stones
 e - 8 boomerangs of dispersal
 y - a throwing net
Armour
 l - a +2 robe of resistance (worn)
 u - a +2 pair of boots (worn)
 F - a +2 pair of gloves (worn)
 P - a +2 helmet of see invisible (worn)
 Y - a +2 cloak of stealth (worn)
Jewellery
 j - an amulet of reflection (around neck)
 v - an amulet of magic regeneration
 K - the ring "Hofyink" (right hand) {Str+3 Int+6 Slay+2 SInv}
   (You acquired it on level 12 of the Dungeon)

   [ring of intelligence]

   It affects your strength (+3).
   It affects your intelligence (+6).
   It affects your accuracy and damage with ranged weapons and melee attacks
   (+2).
   It lets you see invisible.
 Q - a ring of magical power (left hand)
Wands
 a - a wand of digging (5)
 o - a wand of flame (37)
 G - a wand of polymorph (31)
 H - a wand of paralysis (11)
 I - a wand of charming (11)
 S - a wand of iceblast (52)
Scrolls
 c - a scroll of immolation
 k - a scroll of enchant armour
 m - a scroll of enchant weapon
 n - 3 scrolls of magic mapping
 p - 4 scrolls of teleportation
 s - 2 scrolls of summoning
 t - a scroll of brand weapon
 z - 4 scrolls of amnesia
 E - 6 scrolls of identify
 M - 3 scrolls of fog
 T - a scroll of fear
 W - 4 scrolls of blinking
Potions
 d - 5 potions of haste
 f - a potion of lignification
 g - 4 potions of might
 h - 2 potions of brilliance
 i - 3 potions of resistance
 q - a potion of ambrosia
 w - 6 potions of mutation
 B - 5 potions of magic
 C - 5 potions of cancellation
 J - 4 potions of berserk rage
 L - 9 potions of curing
 R - 6 potions of invisibility
Miscellaneous
 r - a box of beasts
 X - a tin of tremorstones (2/2)


   Skills:
 + Level 11.1 Fighting
 + Level 10.2 Maces & Flails
 - Level 6.0 Armour
 + Level 8.8 Dodging
 - Level 2.1 Stealth
 * Level 12.1 Spellcasting
 - Level 11.9 Conjurations
 - Level 0.7 Transmutations
 + Level 15.6 Fire Magic
 * Level 13.5 Earth Magic
 + Level 9.4 Evocations


You had 13 spell levels left.
You knew the following spells:

 Your Spells              Type           Power      Damage    Failure   Level
a - Sandblast             Erth           100%       2d20      1%          1
b - Stone Arrow           Conj/Erth      100%       3d13      1%          3
c - Lee's Rapid Deconstr  Erth           46%        3d23*     1%          5
d - Starburst             Conj/Fire      47%        8x6d13    1%          6
e - Bolt of Magma         Conj/Fire/Erth 47%        4d19      1%          5
g - Ignition              Fire           50%        3d14      11%         8

Your spell library contained the following spells:

 Spells                   Type           Power      Damage    Failure   Level
 Spellforged Servitor     Conj/Summ      32%        N/A       50%         7
 Freeze                   Ice            96%        1d11      1%          1
 Magic Dart               Conj           100%       1d8       1%          1
 Shock                    Conj/Air       100%       1d9       1%          1
 Passwall                 Tmut/Erth      57%        N/A       1%          2
 Poisonous Vapours        Pois/Air       48%        N/A       1%          2
 Static Discharge         Conj/Air       64%        N/A       1%          2
 Conjure Flame            Conj/Fire      94%        6-21      1%          3
 Ignite Poison            Fire/Tmut/Pois 62%        N/A       1%          3
 Inner Flame              Hex/Fire       72%        N/A       1%          3
 Mephitic Cloud           Conj/Pois/Air  54%        N/A       1%          3
 Hailstorm                Conj/Ice       64%        3d14      1%          4
 Petrify                  Tmut/Erth      69%        N/A       2%          4
 Lightning Bolt           Conj/Air       32%        1d49      2%          5
 Frozen Ramparts          Ice            48%        1d6       3%          3
 Animate Armour           Summ/Erth      100%       N/A       3%          4
 Leda's Liquefaction      Hex/Erth       34%        N/A       3%          4
 Corona                   Hex            26%        N/A       4%          1
 Sting                    Tmut/Pois      100%       1d8       4%          1
 Blink                    Tloc           N/A        N/A       7%          2
 Call Imp                 Summ           24%        N/A       7%          2
 Corpse Rot               Necr/Air       N/A        N/A       7%          2
 Ensorcelled Hibernation  Hex/Ice        48%        N/A       7%          2
 Slow                     Hex            24%        N/A       7%          2
 Borgnjor's Vile Clutch   Necr/Erth      34%        N/A       8%          5
 Airstrike                Air            12%        N/A       10%         4
 Olgreb's Toxic Radiance  Pois           24%        N/A       10%         4
 Confusing Touch          Hex            24%        N/A       12%         3
 Gell's Gravitas          Tloc           12%        N/A       12%         3
 Ozocubu's Armour         Ice            24%        N/A       12%         3
 Portal Projectile        Hex/Tloc       48%        N/A       12%         3
 Swiftness                Air            24%        N/A       12%         3
 Conjure Ball Lightning   Conj/Air       32%        3x3d10    13%         6
 Yara's Violent Unravell  Hex/Tmut       13%        3d7       21%         5
 Ice Form                 Ice/Tmut       27%        N/A       30%         4
 Cause Fear               Hex            12%        N/A       34%         4
 Summon Ice Beast         Ice/Summ       24%        N/A       34%         4
 Hydra Form               Tmut           15%        N/A       56%         5
 Metabolic Englaciation   Hex/Ice        12%        N/A       67%         5
 Silence                  Hex/Air        12%        N/A       67%         5
 Summon Forest            Summ/Tloc      12%        N/A       67%         5
 Eringya's Noxious Bog    Tmut/Pois      13%        N/A       67%         6
 Shatter                  Erth           46%        3d36*     94%         9
 Death Channel            Necr           12%        N/A       99%         6
 Shadow Creatures         Summ           N/A        N/A       99%         6
 Summon Hydra             Summ           12%        N/A       100%        7
 Tornado                  Air            12%        N/A       100%        9
 Statue Form              Tmut/Erth      Unusable   N/A       N/A         6

Dungeon Overview and Level Annotations

Branches:
Dungeon (15/15)            Temple (1/1) D:5            Lair (6/6) D:10
  Swamp (0/4) Lair:3        Snake (4/4) Lair:2        Slime (0/5) Lair:5
    Orc (2/2) D:11            Elf (0/3) Orc:2        Vaults (0/5) D:14
 Depths (0/5) D:15        Ossuary (visited)         Volcano (visited)

Altars:
Ashenzari
Cheibriados
Fedhas
Gozag
Hepliaklqana
Kikubaaqudgha
Makhleb
Okawaru
Qazlal
Ru
Trog
Vehumet
Xom
Yredelemnul
Zin
The Shining One
Beogh

Shops:
D:9 (   D:10 *   Orc:1 *   Orc:2 =*(!   Snake:2 =?


Innate Abilities, Weirdness & Mutations

You are immune to sickness and miasma.
Your stone body is resilient. (AC +13)
You are immune to poison.
Your large and strong wings let you fly.
You resist negative energy. (rN+)
You are resistant to electric shocks. (rElec)
You are resistant to unholy torment.
You are immune to petrification.
You have large cloven feet.
Your spells are a little harder to cast, but a little more powerful.


Message History

The fireball engulfs the naga!
The naga is severely wounded.
The fireball engulfs the naga.
The naga is lightly wounded.
The fireball engulfs the nagaraja!
The nagaraja is lightly wounded.
The fireball engulfs the naga mage!!
The naga mage is almost dead.
The fireball engulfs the anaconda!!
The anaconda is heavily wounded.
The fireball engulfs the naga warrior!!
The naga warrior is moderately wounded.
The fireball engulfs the naga sharpshooter!!
The naga sharpshooter is almost dead.
The fireball engulfs the naga!!
You kill the naga!
Vehumet accepts your kill.
You feel your power returning.
The fireball engulfs the naga.
The naga is moderately wounded.
The fireball engulfs the naga!!
You kill the naga!
Vehumet accepts your kill.
You feel your power returning.
The fireball engulfs the naga warrior!!
The naga warrior is severely wounded.
The fireball engulfs the naga warrior!!
The naga warrior is almost dead.
The fireball engulfs the anaconda!
The anaconda is severely wounded.
The fireball engulfs the nagaraja!!
The nagaraja is heavily wounded.
You hear a shout! x3
The anaconda bites you but does no damage.
* * * LOW HITPOINT WARNING * * *
The anaconda constricts you.
The naga mage points at the naga warrior and mumbles some strange words.
The naga warrior seems to grow toxic.
The nagaraja hits you from afar with a +1 halberd of flaming!!
* * * LOW HITPOINT WARNING * * *
The nagaraja burns you.
You die...

..# #...###..###.#,,,***,,**,,,
..# #...# #...#..#,,,,,****,,,,
.######...# ##.....#*,,,,,,,,,,,*
..).......# ##....#**,,,,,,,,,**
.)))......# #...## ***^,,,,***,
.)#####...# #..[# ********,, .÷#
###.# #...# **,,, )<# ###
#..S######*****,,,, [)# ***
#.@.N.))...,,,,,,,, ..# ***,*
#.)...N....,,,,,,,, ..# *,,,*
#.N....N...,,,,,,,, .## *,,,*
##.........,,,,,,,, ..#
*,,******...######N,,,,****
..#****,,,,,,,,#..# **,,,,,**
...,,,,,,,,,,*,..## **,,,,,******
...#,,,,,,*****...***,,,,,***,,,,
..##***,,,* *,,,,**,,,,**,,,,,,


You could see a naga warrior (curare), a nagaraja (fast, strong, curare,
catching breath), a naga sharpshooter (strong), an anaconda and a naga mage
(strong).

Vanquished Creatures
  Vashnia (Snake:2)
  Jorgrun (Orc:2)
  Kirke (Snake:1)
  A sphinx (D:15)
  Frances (Snake:2)
  A tengu reaver (D:13)
  A storm dragon (D:14)
  2 nagarajas (Snake:4)
  Aizul (Snake:1)
  A war gargoyle (D:14)
  A minotaur (shapeshifter) (D:13)
  The ghost of Cexaemot the Martial Artist, a journeyman DgTm (Lair:4)
  Azrael (D:15)
  Snorg (D:10)
  The ghost of Dufo Axt the Slicer, a journeyman MfHu of Okawaru (Orc:1)
  An ettin (D:13)
  2 fire dragons
  A deep elf high priest (D:13)
  A great orb of eyes (D:13)
  Josephine (D:9)
  8 vault guards
  A yaktaur captain (D:13)
  A salamander tyrant (Snake:3)
  An ice dragon (D:15)
  8 boulder beetles
  9 hydras
  Harold (D:7)
  A catoblepas (Lair:6)
  5 naga warriors
  11 centaur warriors
  13 two-headed ogres
  A dancing weapon (Volcano)
  Erica (Orc:1)
  4 anacondas
  A deep troll shaman (Lair:6)
  2 death knights (D:14)
  7 death yaks
  2 orc high priests (Orc:2)
  13 naga sharpshooters
  A shock serpent (shapeshifter) (D:14)
  A tengu warrior (D:15)
  4 shock serpents
  A deep elf knight (D:14)
  A skeletal warrior (D:11)
  A salamander mystic (Snake:2)
  2 naga ritualists
  A lindwurm (Lair:6)
  8 wizards
  6 mana vipers
  6 orc sorcerers (Orc:2)
  4 oklob plants (Lair:3)
  An orc knight (D:15)
  A wolf spider (D:14)
  3 deep elf pyromancers
  10 salamanders
  A manticore (D:14)
  4 ugly things
  A faun (shapeshifter) (D:14)
  18 cyclopes
  5 toenail golems (Volcano)
  17 black mambas
  Maurice (Orc:2)
  Joseph (D:10)
  20 elephants
  5 gargoyles
  16 cane toads
  3 guardian serpents
  10 naga magi
  Maggie (D:7)
  5 unseen horrors
  3 rime drakes
  2 freezing wraiths
  An efreet (D:15)
  11 komodo dragons
  A tengu conjurer (D:14)
  3 polar bears
  A tyrant leech (Lair:3)
  12 trolls
  11 blink frogs
  5 slime creatures
  9 dream sheep
  A vampire (D:13)
  A redback (D:14)
  A spriggan (shapeshifter) (D:11)
  50 yaks
  A shadow (D:11)
  9 wraiths
  A redback (shapeshifter) (D:14)
  6 wyverns
  Grum (D:8)
  Eustachio (D:5)
  2 fire elementals (D:15)
  8 basilisks
  6 hogs (Snake:1)
  A golden eye (shapeshifter) (D:15)
  3 steam dragons
  A swamp worm (Lair:3)
  12 vampire mosquitoes
  3 wargs (Orc:2)
  3 acid dragons
  39 nagas
  4 hell hounds (D:15)
  19 water moccasins
  6 black bears
  A sky beast (D:6)
  23 orc warriors
  8 ice beasts (Lair:1)
  10 ogres
  A necrophage (D:5)
  21 wolves
  20 centaurs
  3 phantoms
  5 kobold brigands
  2 elf zombies (Ossuary)
  Blork the orc (D:5)
  10 bullfrogs
  A wyvern skeleton (D:6)
  A water moccasin skeleton (D:6)
  19 killer bees
  10 wights
  2 electric eels (Lair:4)
  4 centaur zombies
  2 bullfrog zombies (D:5)
  13 jellies
  Crazy Yiuf (D:7)
  2 hounds (D:5)
  2 centaur skeletons
  18 orc priests
  A bullfrog skeleton (D:6)
  A gnoll shaman (D:9)
  2 human zombies (Ossuary)
  2 iguanas
  2 scorpion zombies (D:5)
  32 orc wizards
  A killer bee zombie (D:8)
  A hound zombie (D:5)
  3 mummies (Ossuary)
  4 howler monkey zombies
  3 gnolls (D:9)
  A howler monkey skeleton (D:6)
  10 adders
  2 shadow imps (D:6)
  A white imp (D:6)
  3 adder zombies (Ossuary)
  An adder skeleton (D:5)
  53 orcs
  6 ball pythons
  8 bats
  10 endoplasms
  3 giant cockroaches
  2 gnoll zombies (Ossuary)
  6 hobgoblins
  26 kobolds
  3 quokkas
  4 frilled lizards
  4 goblins
  4 goblin zombies (Ossuary)
  3 hobgoblin zombies (Ossuary)
  A jackal zombie (Ossuary)
  7 kobold zombies (Ossuary)
  2 orc zombies (Ossuary)
  2 quokka zombies (Ossuary)
  A rat (D:2)
  6 rat zombies (Ossuary)
910 creatures vanquished.

Vanquished Creatures (others)
  A naga sharpshooter (Snake:2)
  A centaur simulacrum (D:15)
  27 fungi
  76 plants
105 creatures vanquished.

Grand Total: 1015 creatures vanquished

Notes
Turn   | Place    | Note
-------+----------+-------------------------------------------
     0 | D:1      | cnkne the Gargoyle Earth Elementalist began the quest for
                  | the Orb.
     0 | D:1      | Reached XP level 1. HP: 10/10 MP: 3/3
   461 | D:1      | Reached XP level 2. HP: 7/15 MP: 3/5
  1535 | D:1      | Reached XP level 3. HP: 18/19 MP: 4/6
  1539 | D:1      | Learned a level 3 spell: Stone Arrow
  1764 | D:2      | Found a snail-covered altar of Cheibriados.
  2473 | D:2      | Found a faded altar of an unknown god.
  2821 | D:3      | Reached skill level 1 in Conjurations
  2821 | D:3      | Reached XP level 4. HP: 24/24 MP: 3/8
  2834 | D:3      | Noticed an orc warrior
  2945 | D:3      | Reached skill level 5 in Earth Magic
  3048 | D:3      | Reached XP level 5. HP: 28/28 MP: 9/9
  3054 | D:3      | Learned a level 5 spell: Lee's Rapid Deconstruction
  3278 | D:4      | Noticed a centaur
  3287 | D:4      | Killed a centaur
  3358 | D:4      | Reached XP level 6. HP: 32/32 MP: 6/11
  3535 | D:4      | Found a sand-covered staircase.
  3546 | Ossuary  | Entered an ossuary
  3965 | Ossuary  | Reached XP level 7. HP: 32/36 MP: 6/13
  4696 | D:5      | Entered Level 5 of the Dungeon
  4730 | D:5      | Found a staircase to the Ecumenical Temple.
  4743 | Temple   | Entered the Ecumenical Temple
  4758 | Temple   | Became a worshipper of Vehumet
  4953 | D:5      | Found a glowing golden altar of the Shining One.
  4976 | D:5      | Reached skill level 1 in Fighting
  4976 | D:5      | Reached skill level 1 in Armour
  5112 | D:5      | Reached skill level 1 in Maces & Flails
  5112 | D:5      | Reached skill level 1 in Evocations
  5112 | D:5      | Reached XP level 8. HP: 43/43 MP: 11/15
  5434 | D:5      | Noticed Blork the orc
  5447 | D:5      | Killed Blork the orc
  5448 | D:5      | Reached skill level 5 in Spellcasting
  5642 | D:5      | Found a glowing silver altar of Zin.
  5642 | D:5      | Found a shimmering altar of Xom.
  5642 | D:5      | Noticed an angel
  5877 | D:5      | Noticed Eustachio
  5899 | D:5      | Killed Eustachio
  5900 | D:5      | Reached skill level 5 in Conjurations
  6162 | D:5      | Noticed a yak
  6326 | D:5      | Killed a yak
  6608 | D:6      | Reached XP level 9. HP: 49/49 MP: 15/17
  6856 | D:6      | Reached * piety under Vehumet
  6856 | D:6      | Offered knowledge of Shock by Vehumet.
  7152 | D:6      | Gained mutation: Your spells are a little harder to cast,
                  | but a little more powerful. [potion of mutation]
  7152 | D:6      | Gained mutation: You have large cloven feet. [potion of
                  | mutation]
  7952 | D:7      | Found a runed translucent door.
  7953 | D:7      | Noticed Crazy Yiuf
  7959 | D:7      | Killed Crazy Yiuf
  8142 | D:7      | Reached ** piety under Vehumet
  8198 | D:7      | Noticed Harold
  8210 | D:7      | Offered knowledge of Static Discharge by Vehumet.
  8213 | D:7      | Killed Harold
  8214 | D:7      | Reached XP level 10. HP: 27/58 MP: 0/19
  8411 | D:7      | Noticed Maggie
  8415 | D:7      | Killed Maggie
  9109 | D:8      | Noticed Grum
  9138 | D:8      | Killed Grum
  9247 | D:8      | Found a blossoming altar of Fedhas.
  9613 | D:8      | Noticed a wolf spider
  9669 | D:8      | Reached skill level 5 in Fighting
  9669 | D:8      | Reached skill level 5 in Armour
 10181 | D:9      | Offered knowledge of Poisonous Vapours by Vehumet.
 10204 | D:9      | Reached XP level 11. HP: 25/64 MP: 6/21
 10359 | D:9      | Noticed a boulder beetle
 10372 | D:9      | Killed a boulder beetle
 10373 | D:9      | Reached skill level 5 in Maces & Flails
 10618 | D:9      | Reached *** piety under Vehumet
 11031 | D:9      | Found Syabuq's Weapon Shoppe.
 11293 | D:10     | Entered Level 10 of the Dungeon
 11301 | D:10     | Offered knowledge of Fulminant Prism by Vehumet.
 11306 | D:10     | Noticed Josephine
 11325 | D:9      | Killed Josephine
 11453 | D:10     | Noticed a two-headed ogre
 11457 | D:10     | Killed a two-headed ogre
 11458 | D:10     | Reached skill level 5 in Evocations
 11461 | D:10     | Noticed Joseph
 11468 | D:10     | Killed Joseph
 11562 | D:10     | Reached skill level 5 in Dodging
 11817 | D:10     | Noticed a two-headed ogre
 11822 | D:10     | Killed a two-headed ogre
 11826 | D:10     | Reached skill level 10 in Earth Magic
 11943 | D:10     | Noticed Snorg
 11974 | D:10     | Killed Snorg
 11975 | D:10     | Reached XP level 12. HP: 27/71 MP: 0/23
 12226 | D:10     | Noticed a two-headed ogre
 12234 | D:10     | Killed a two-headed ogre
 12338 | D:10     | Found Ijangam's General Store.
 12508 | D:10     | Found a staircase to the Lair.
 12680 | D:11     | Noticed a two-headed ogre
 12684 | D:11     | Killed a two-headed ogre
 12811 | D:11     | Reached **** piety under Vehumet
 13126 | D:11     | Offered knowledge of Sticky Flame by Vehumet.
 13412 | D:11     | Noticed a centaur warrior
 13416 | D:11     | Killed a centaur warrior
 13432 | D:11     | Noticed a two-headed ogre
 13443 | D:11     | Killed a two-headed ogre
 13589 | D:11     | Found a staircase to the Orcish Mines.
 14036 | D:11     | Identified the +0 tower shield "Wuofeyg" {+Blink}
 14245 | D:11     | Reached XP level 13. HP: 68/78 MP: 18/25
 14317 | D:11     | Identified a scroll of acquirement
 14317 | D:11     | Acquired 1055 gold pieces
 15206 | D:12     | Reached ***** piety under Vehumet
 15962 | D:12     | Acquired the ring "Hofyink" {Str+3 Int+6 Slay+2 SInv}
 17340 | D:13     | Noticed a great orb of eyes
 17358 | D:13     | Killed a great orb of eyes
 17678 | D:13     | Noticed a yaktaur captain
 17688 | D:13     | Killed a yaktaur captain
 17689 | D:13     | Reached skill level 10 in Conjurations
 18352 | D:13     | Offered knowledge of Starburst by Vehumet.
 18387 | D:13     | Noticed a tengu reaver
 18400 | D:13     | Killed a tengu reaver
 18718 | D:13     | Noticed an ettin
 18721 | D:13     | Killed an ettin
 18722 | D:13     | Gained mutation: Your large and strong wings let you fly.
                  | [Gargoyle growth]
 18722 | D:13     | Reached XP level 14. HP: 86/86 MP: 24/27
 19317 | D:13     | Learned a level 6 spell: Starburst
 19521 | D:14     | Reached skill level 1 in Fire Magic
 19691 | D:14     | Reached skill level 2 in Fire Magic
 19987 | D:14     | Noticed a storm dragon
 20000 | D:14     | Killed a storm dragon
 20020 | D:14     | Reached skill level 3 in Fire Magic
 20403 | D:14     | Identified Sif Muna's Further Progress in Spellweaving
 20600 | D:14     | Noticed a war gargoyle
 20608 | D:14     | Found a gate to the Vaults.
 20619 | D:14     | Noticed a sphinx
 20621 | D:14     | Paralysed by a sphinx for 7 turns
 20627 | D:14     | HP: 4/87 [sphinx (5)]
 20632 | D:15     | Entered Level 15 of the Dungeon
 20995 | D:15     | Killed a sphinx
 21005 | D:15     | HP: 3/87 [tengu warrior/+0 glaive (14)]
 21007 | D:15     | Reached skill level 4 in Fire Magic
 21373 | D:15     | Noticed Azrael
 21573 | D:15     | Found a hazy altar of Hepliaklqana.
 21599 | D:15     | Reached skill level 10 in Fighting
 21839 | D:14     | Reached XP level 15. HP: 84/92 MP: 16/28
 22359 | D:14     | Reached skill level 5 in Fire Magic
 23527 | D:14     | You are sucked into a shaft and drop 1 floor!
 24194 | Lair:1   | Entered Level 1 of the Lair of Beasts
 24608 | Lair:1   | Reached skill level 10 in Spellcasting
 24625 | Lair:1   | Identified the +0 leather armour of Imithiym {rF+++ Str-4
                  | Int+4 Dex-2}
 24886 | Lair:1   | Offered knowledge of Bolt of Magma by Vehumet.
 25558 | Lair:2   | Learned a level 5 spell: Bolt of Magma
 25769 | Lair:2   | Reached skill level 6 in Fire Magic
 25851 | Lair:2   | Found a staircase to the Snake Pit.
 27192 | Lair:3   | Found a dark tunnel.
 27205 | Volcano  | Entered a volcano
 27940 | Lair:3   | Found a staircase to the Swamp.
 28256 | Lair:3   | You are sucked into a shaft and drop 3 floors!
 28256 | Lair:6   | Entered Level 6 of the Lair of Beasts
 28320 | Lair:4   | Reached skill level 7 in Fire Magic
 28431 | Lair:4   | Reached XP level 16. HP: 97/99 MP: 30/30
 29004 | Lair:4   | Reached skill level 10 in Maces & Flails
 29063 | Lair:4   | Found a runed translucent gate.
 29063 | Lair:4   | Found a runed translucent gate.
 29063 | Lair:4   | Found a runed translucent gate.
 29064 | Lair:4   | Noticed Cexaemot's ghost (journeyman DgTm)
 29098 | Lair:4   | Killed Cexaemot's ghost
 30060 | Lair:5   | Offered knowledge of Iskenderun's Battlesphere by Vehumet.
 30544 | Lair:5   | Found the +8 whip "Snakebite" {curare, rPois}
 30642 | Lair:5   | Reached ****** piety under Vehumet
 30816 | Lair:5   | Reached skill level 8 in Fire Magic
 30980 | Lair:5   | Acquired 830 gold pieces
 30984 | Lair:5   | Acquired 920 gold pieces
 31009 | Lair:5   | Found a staircase to the Slime Pits.
 31188 | Lair:5   | Found a stormy altar of Qazlal.
 31709 | Lair:6   | Reached skill level 9 in Fire Magic
 32363 | Lair:6   | Reached skill level 10 in Fire Magic
 32554 | Lair:6   | Offered knowledge of Orb of Destruction by Vehumet.
 33119 | Lair:6   | Reached skill level 11 in Fire Magic
 33157 | Lair:6   | Identified the +4 mace of Avvaikh {holy, Will- Str+5 Dex+9
                  | SInv}
 33158 | Lair:6   | Identified the Catalogue of Cold and the Escort
 33605 | Orc:1    | Entered Level 1 of the Orcish Mines
 33846 | Orc:1    | Noticed Erica
 33862 | Orc:1    | Killed Erica
 33919 | Orc:1    | Found a runed translucent gate.
 33920 | Orc:1    | Found a runed translucent gate.
 33920 | Orc:1    | Found an opulent altar of Gozag.
 33921 | Orc:1    | Found a runed translucent gate.
 33923 | Orc:1    | Found Fassun's Assorted Antiques.
 33923 | Orc:1    | Noticed Dufo Axt's ghost (journeyman MfHu)
 34514 | Orc:2    | Entered Level 2 of the Orcish Mines
 34582 | Orc:2    | Reached XP level 17. HP: 91/104 MP: 31/31
 34633 | Orc:2    | Noticed Maurice
 34636 | Orc:2    | Killed Maurice
 34764 | Orc:2    | Found a staircase to the Elven Halls.
 34795 | Orc:2    | Reached skill level 12 in Fire Magic
 35187 | Orc:2    | Found Omiej's Distillery.
 35187 | Orc:2    | Found Giask's Assorted Antiques.
 35188 | Orc:2    | Found Jecs's Jewellery Emporium.
 35198 | Orc:2    | Paralysed by an orc sorcerer for 4 turns
 35210 | Orc:2    | Found Lidar's Antique Weapon Shoppe.
 35217 | Orc:2    | Bought a potion of mutation for 216 gold pieces
 35217 | Orc:2    | Bought a potion of invisibility for 216 gold pieces
 35221 | Orc:2    | Bought a potion of magic for 128 gold pieces
 35221 | Orc:2    | Bought a potion of mutation for 128 gold pieces
 35221 | Orc:2    | Bought a potion of curing for 48 gold pieces
 35221 | Orc:2    | Bought a potion of invisibility for 128 gold pieces
 35221 | Orc:2    | Bought a potion of resistance for 160 gold pieces
 35221 | Orc:2    | Bought a potion of curing for 48 gold pieces
 35221 | Orc:2    | Bought 2 potions of invisibility for 256 gold pieces
 35428 | Orc:2    | Offered knowledge of Fireball by Vehumet.
 35549 | Orc:2    | Noticed Jorgrun
 35565 | Orc:2    | Killed Jorgrun
 36125 | Orc:1    | Killed Dufo Axt's ghost
 36168 | Orc:1    | Bought a potion of heal wounds for 100 gold pieces
 36168 | Orc:1    | Bought a potion of mutation for 160 gold pieces
 36168 | Orc:1    | Bought a potion of curing for 60 gold pieces
 36168 | Orc:1    | Bought 2 potions of cancellation for 320 gold pieces
 36495 | D:15     | Reached skill level 13 in Fire Magic
 36786 | D:15     | Found a staircase to the Depths.
 37028 | D:15     | Killed Azrael
 37530 | D:15     | Upgraded the game from 0.27-a0-1147-gb3d8e82157 to
                  | 0.27-a0-1149-g4505690ab0
 37799 | Snake:1  | Entered Level 1 of the Snake Pit
 37834 | Snake:1  | HP: 2/104 [naga warrior/+0 trident (26)]
 38145 | Snake:1  | Noticed Aizul
 38152 | Snake:1  | Killed Aizul
 38342 | Snake:1  | Reached skill level 14 in Fire Magic
 38358 | Lair:2   | Learned a level 8 spell: Ignition
 38577 | Snake:1  | Noticed Kirke
 38581 | Snake:1  | Killed Kirke
 39140 | Snake:1  | Found a snail-covered altar of Cheibriados.
 40057 | Snake:2  | Noticed Vashnia
 40069 | Snake:2  | Killed Vashnia
 40396 | Snake:2  | Found Sykunuor's Jewellery Boutique.
 40404 | Snake:2  | Found Nufol's Magic Scroll Boutique.
 40408 | Snake:2  | Bought a scroll of blinking for 97 gold pieces
 40408 | Snake:2  | Bought a scroll of blinking for 97 gold pieces
 40408 | Snake:2  | Bought a scroll of enchant armour for 97 gold pieces
 40408 | Snake:2  | Bought a scroll of magic mapping for 45 gold pieces
 40408 | Snake:2  | Bought a scroll of summoning for 123 gold pieces
 40408 | Snake:2  | Bought a scroll of enchant armour for 97 gold pieces
 40408 | Snake:2  | Bought a scroll of teleportation for 39 gold pieces
 40772 | Snake:2  | Noticed Frances
 40776 | Snake:2  | Killed Frances
 41443 | Snake:3  | Reached skill level 15 in Fire Magic
 41443 | Snake:3  | Reached XP level 18. HP: 110/110 MP: 33/33
 42045 | Snake:3  | Offered knowledge of Spellforged Servitor by Vehumet.
 42439 | Snake:4  | Entered Level 4 of the Snake Pit
 43751 | Snake:4  | HP: 1/110 [nagaraja/+1 halberd of flaming (25)]
 43751 | Snake:4  | Slain by a nagaraja

Illustrated notes

Levels and vault maps discovered:
D:1:      dpeg_arrival_tiny_i, layout_basic
D:2:      layout_loops_ring, basic_ecumenical_altar, basic_altar
D:3:      layout_rooms, serial_glass, glass_columns_a, glass_columns_a,
          glass_columns_b, glass_columns_b, glass_columns_a, glass_columns_b,
          glass_columns_a, glass_columns_c
D:4:      layout_basic, nicolae_ossuary_entry_monument, st_stairs_11
D:5:      minmay_chambers_of_fours, layout_basic,
          grunt_temple_overflow_order_and_chaos_1, marbit_many_paths,
          minmay_temple_entry_tees, uniq_eustachio, uniq_blork_the_orc
D:6:      layout_loops_ring, st_stairs_1, minmay_starry_boxes
D:7:      layout_loops_ring, uniq_maggie, uniq_crazy_yiuf_cottage, uniq_harold
D:8:      layout_rooms, old_standard_altar, serial_corexii_hall,
          corexii_hall_statues_deadend, chequers_hall_statues_y, wad_dig_loot,
          uniq_grum
D:9:      layout_rooms, serial_shops, nicolae_shop_crystal, chequers_arboretum
D:10:     layout_cave_pools, lair_entry_dummy, serial_shops, shop_fountains,
          uniq_snorg, uniq_josephine, uniq_joseph
D:11:     cheibrodos_fzero, layout_basic, orc_0_dummy
D:12:     minmay_skewed_foursquare, layout_cross, serial_park,
          serial_park_square3 [serial_park_minivault_5x5_2],
          hangedman_decor_clover_reticule
D:13:     minmay_octo_star, layout_rooms, st_stairs_5, corexii_checkpoint_a
D:14:     minmay_complete_graph, layout_layer_cave, erik_vaults_2,
          serial_bayou_shore_a, hangedman_decor_points
D:15:     grunt_enter_depths_hoard, layout_basic, lemuel_crystal_altar,
          uniq_azrael
Temple:   eino_narrow_crystal_temple
Lair:1:   layout_regular_city, portal_ice_cave_entry_ice_beasts,
          nzn_sisyphean_effort, infiniplex_staircase_pool_2
Lair:2:   layout_misc_corridors, minmay_snake_entry_guardpost_small
Lair:3:   layout_gridlike, minmay_swamp_entry_worms,
          nicolae_volcano_entry_s_turn, minmay_lair_oklob_chamber
Lair:4:   layout_big_grid, gammafunk_ghost_split, wad_woods_river_01
Lair:5:   minmay_guarded_unrand_snakebite, layout_big_grid,
          minmay_slime_entry_jelly_boxes, basic_altar, grunt_megastairs_1
Lair:6:   grunt_lair_end_beastmaster, layout_hall_layers
Snake:1:  layout_misc_corridors, basic_altar, uniq_kirke, uniq_aizul
Snake:2:  layout_chambers, minmay_shop_star, uniq_frances, uniq_vashnia
Snake:3:  layout_basic
Snake:4:  grunt_snake_rune_spirals, layout_concentric_octagons
Orc:1:    layout_caves, ebering_ghost_gozag, basic_altar,
          nicolae_orc_flooded_monolith, uniq_erica
Orc:2:    st_orc_mages, layout_diamond_mine, uniq_jorgrun, uniq_maurice

Skill      XL: |  1  2  3  4  5  6  7  8  9 10 11 12 13 14 15 16 17 18 |
---------------+-------------------------------------------------------+-----
Earth Magic    | 4 5 6 7 8 9 10 11 12 13 | 13.5
Spellcasting   | 3 4 5 6 7 8 9 10 11 12 | 12.1
Conjurations   | 1 2 3 4 5 6 7 8 9 10 11 | 11.9
Fighting       | 1 2 4 5 6 7 9 10 11 | 11.1
Armour         | 1 2 4 5 6 |  6.0
Maces & Flails | 1 2 4 6 7 8 9 10 | 10.2
Evocations     | 1 2 3 4 5 6 7 8 9 |  9.4
Dodging        | 2 3 4 5 6 7 8 |  8.8
Fire Magic     | 4 7 11 15 | 15.6
Stealth        | |  2.1
Transmutations | |  0.7

Action                   |  1- 3 |  4- 6 |  7- 9 | 10-12 | 13-15 | 16-18 || total
-------------------------+-------+-------+-------+-------+-------+-------++-------
Melee: Dagger            |   164 |     5 |       |       |       |       ||   169
       Staff             |       |     5 |       |       |       |       ||     5
       Short sword       |       |   146 |   379 |   188 |   441 |    53 ||  1207
       Whip              |       |       |       |       |       |   855 ||   855
       Dire flail        |       |       |       |       |       |   165 ||   165
Throw: Dart              |       |       |       |     3 |       |       ||     3
       Throwing net      |       |       |       |     3 |       |       ||     3
 Cast: Sandblast         |    15 |    31 |    52 |    69 |    62 |     2 ||   231
       Stone Arrow       |     1 |       |       |    79 |   249 |    31 ||   360
       Lee's Rapid Decon |       |       |    10 |    38 |    63 |    54 ||   165
       Starburst         |       |       |       |       |     5 |    38 ||    43
       Bolt of Magma     |       |       |       |       |    21 |    95 ||   116
       Ignition          |       |       |       |       |       |    11 ||    11
Evoke: Wand              |       |       |     2 |    16 |    33 |     4 ||    55
       Box of beasts     |       |       |       |       |     1 |     1 ||     2
       Tin of tremorston |       |       |       |       |       |     2 ||     2
  Use: Scroll            |     5 |     4 |     9 |     8 |    14 |    11 ||    51
       Potion            |       |       |     1 |     4 |     9 |     4 ||    18
 Stab: Sleeping          |     6 |       |     2 |       |       |     8 ||    16
       Paralysed         |       |       |       |       |    11 |       ||    11
       Distracted        |       |       |       |       |       |     2 ||     2
Armor: Robe              |   100 |     7 |       |       |    29 |   443 ||   579
       Leather armour    |       |    93 |   194 |   230 |   410 |       ||   927
Dodge: Dodged            |   131 |   100 |   174 |   234 |   405 |   571 ||  1615
Block: Other             |    14 |    59 |    93 |    93 |   146 |   218 ||   623
       Reflection        |       |       |       |     6 |     7 |    13 ||    26

Table legend: (Time is in decaauts)
 A = Elapsed time spent in this place.
 B = Non-inter-level travel time spent in this place.
 C = Inter-level travel time spent in this place.
 D = Time resting spent in this place.
 E = Time spent auto-exploring this place.
 F = Levels seen in this place.
 G = Mean time per level.
                   A        B        C        D        E       F      G
               +--------+--------+--------+--------+--------+-----+--------+
         Total |  43497 |  41651 |   1846 |   8739 |  25303 |  30 | 1449.9 |
       Dungeon |  25058 |  23982 |   1076 |   6349 |  13774 |  15 | 1670.5 |
        Temple |     30 |     15 |     15 |      0 |     10 |   1 |   30.0 |
          Lair |   9553 |   9098 |    455 |   1284 |   5896 |   6 | 1592.2 |
     Snake Pit |   5216 |   5015 |    201 |    806 |   3539 |   4 | 1304.0 |
  Orcish Mines |   2550 |   2452 |     98 |    178 |   1687 |   2 | 1275.0 |
       Ossuary |    778 |    778 |      0 |     53 |    397 |   1 |  778.0 |
       Volcano |    309 |    309 |      0 |     69 |      0 |   1 |  309.0 |
               +--------+--------+--------+--------+--------+-----+--------+

Top non-repeatable levels by time:
    D:14: 3252 daAuts
    D:13: 3195 daAuts
    D:15: 2528 daAuts
    D:11: 2416 daAuts
 Snake:2: 1985 daAuts
     D:5: 1828 daAuts
  Lair:2: 1756 daAuts
  Lair:6: 1720 daAuts
    D:12: 1702 daAuts
     D:1: 1669 daAuts
  Lair:5: 1666 daAuts
  Lair:3: 1641 daAuts
  Lair:1: 1564 daAuts
   Orc:2: 1457 daAuts
 Snake:3: 1426 daAuts
